 Dungeon Crawl Stone Soup version 0.23-a0-309-ge7838e6 (webtiles) character file.

50074 Amnesiac the Destroyer (level 14, -9/93 HPs)
             Began as a Mummy Wizard on Oct 11, 2018.
             Was a High Priest of Sif Muna.
             Killed from afar by Azrael (41 damage)
             ... with damnation
             ... on level 12 of the Dungeon.
             The game lasted 00:55:55 (30918 turns).

Amnesiac the Destroyer (Mummy Wizard)              Turns: 30918, Time: 00:55:55

Health: -9/93      AC:  9    Str: 10    XL:     14   Next: 18%
Magic:  0/32       EV: 13    Int: 21    God:    Sif Muna [*****.]
Gold:   1166       SH:  5    Dex: 12    Spells: 15/42 levels left

rFire    + . .     SeeInvis .   a - staff of wizardry
rCold    + + .     Gourm    .   I - +0 buckler
rNeg     + + +     Faith    +   y - +2 robe {rC+ rF+}
rPois    ∞         Spirit   +   A - +1 hat {MR+}
rElec    .         Reflect  .   d - scarf {Spirit}
rCorr    .         Harm     .   e - +0 pair of gloves
MR       ++...                  M - +2 pair of boots {Stlth+}
Stlth    +++.......             h - amulet of faith
HPRegen  0.25/turn              (no ring)
MPRegen  0.23/turn              z - ring of protection from fire

@: divine energy
A: no food or potions, fire vulnerability, cold resistance 1, negative energy
resistance 3, torment resistance, unbreathing, in touch with death 1
a: Stop Divine Energy, Channel Magic, Forget Spell, Renounce Religion


You were on level 12 of the Dungeon.
You worshipped Sif Muna.
Sif Muna was extremely pleased with you.
You were not hungry.

You visited 4 branches of the dungeon, and saw 21 of its levels.
You also visited: Labyrinth and Sewer.

You collected 1676 gold pieces.
You spent 510 gold pieces at shops.

Inventory:

Hand Weapons
 b - a +3 shortbow of freezing
 j - a +0 hunting sling
 u - a +0 blowgun
Missiles
 o - 203 arrows
 v - 51 poisoned needles
Armour
 d - a scarf of spirit shield (worn)
 e - a +0 pair of gloves (worn)
 g - a +0 shield
 m - a +2 troll leather armour {Snorg}
 y - a +2 robe of resistance (worn)
 A - a +1 hat of magic resistance (worn)
 I - a +0 buckler (worn)
 M - a +2 pair of boots of stealth (worn)
 O - the +3 leather armour of Pathos {rCorr Str-5 Int+2 SInv}
   (You found it on level 4 of the Lair of Beasts)

   It affects your strength (-5).
   It affects your intelligence (+2).
   It lets you see invisible.
   It provides partial protection from all sources of acid and corrosion.
Magical Staves
 a - an uncursed staff of wizardry (weapon)
 C - an uncursed staff of air
Jewellery
 h - an amulet of faith (around neck)
 q - an uncursed ring of protection from magic
 z - a ring of protection from fire (right hand)
 B - an uncursed amulet of regeneration
 D - a +2 ring of intelligence
 F - a +2 ring of protection
 L - the amulet of Arizepp {+Blink +Rage rF- rC- Int+9}
   (You found it on level 3 of the Lair of Beasts)

   [amulet of rage]

   It affects your intelligence (+9).
   It makes you vulnerable to fire.
   It makes you vulnerable to cold.
   It lets you blink.
   It lets you go berserk.
Wands
 k - a wand of digging (28)
 s - a wand of flame (26)
 t - a wand of paralysis (26)
 E - a wand of random effects (36)
 H - a wand of polymorph (28)
 J - a wand of disintegration (9)
 K - a wand of enslavement (13)
 P - a wand of iceblast (19)
Scrolls
 c - 10 scrolls of remove curse {!r}
 f - 8 scrolls of teleportation {!r}
 i - 3 scrolls of fog {!r}
 l - a scroll of identify {!r}
 n - 6 scrolls of enchant armour {!r}
 p - 3 scrolls of blinking {!r}
 r - 2 scrolls of fear {!r}
 N - a scroll of summoning {!r}
 Q - a scroll of torment {!r}
 R - a scroll of enchant weapon {!r}
Miscellaneous
 w - a lightning rod (4/4)
 G - a lamp of fire (inert)


   Skills:
 + Level 3.6 Fighting
 * Level 3.9 Dodging
 + Level 1.7 Stealth
 * Level 3.8 Shields
 + Level 14.8 Spellcasting
 * Level 14.8 Conjurations
 - Level 0.7 Summonings
 - Level 0.7 Translocations
 - Level 8.5 Invocations


You had 15 spell levels left.
You knew the following spells:

 Your Spells              Type           Power        Failure   Level  Hunger
a - Bolt of Draining      Conj/Necr      ######....   2%          5    N/A
b - Call Imp              Summ           ###.....     1%          2    N/A
c - Passwall              Tmut/Erth      ###.....     2%          2    N/A
d - Iskenderun's Mystic   Conj           ######..     1%          4    N/A
e - Mephitic Cloud        Conj/Pois/Air  #####...     1%          3    N/A
s - Conjure Flame         Conj/Fire      #####...     1%          3    N/A
v - Blink                 Tloc           N/A          1%          2    N/A
w - Force Lance           Conj/Tloc      #####...     1%          4    N/A
z - Swiftness             Chrm/Air       ###.....     2%          2    N/A

Your spell library contained the following spells:

 Spells                   Type           Power        Failure   Level  Hunger
 Magic Dart               Conj           ####         0%          1    N/A
 Searing Ray              Conj           ######       0%          2    N/A
 Animate Skeleton         Necr           N/A          1%          1    N/A
 Flame Tongue             Conj/Fire      #####        1%          1    N/A
 Freeze                   Ice            ###.         1%          1    N/A
 Infusion                 Chrm           ###.         1%          1    N/A
 Pain                     Necr           ###.         1%          1    N/A
 Sandblast                Erth           ###...       1%          1    N/A
 Shock                    Conj/Air       ####         1%          1    N/A
 Summon Butterflies       Summ           ###.....     1%          1    N/A
 Summon Small Mammal      Summ           ###.         1%          1    N/A
 Throw Frost              Conj/Ice       #####.       1%          2    N/A
 Dazzling Spray           Conj/Hex       #####.       1%          3    N/A
 Static Discharge         Conj/Air       #####...     1%          3    N/A
 Stone Arrow              Conj/Erth      #####.       1%          3    N/A
 Fulminant Prism          Conj/Hex       #####.....   1%          4    N/A
 Throw Icicle             Conj/Ice       #####...     1%          4    N/A
 Corpse Rot               Necr           N/A          2%          2    N/A
 Ensorcelled Hibernation  Hex/Ice        ###...       2%          2    N/A
 Shroud of Golubria       Chrm/Tloc      ###.......   2%          2    N/A
 Slow                     Hex            ###.....     2%          2    N/A
 Song of Slaying          Chrm           ###.....     2%          2    N/A
 Sticks to Snakes         Tmut           ###.....     2%          2    N/A
 Fireball                 Conj/Fire      #####.....   2%          5    N/A
 Lightning Bolt           Conj/Air       #####.....   2%          5    N/A
 Venom Bolt               Conj/Pois      #####.....   2%          5    N/A
 Recall                   Summ/Tloc      N/A          3%          3    N/A
 Inner Flame              Hex/Fire       ###.....     4%          3    N/A
 Ozocubu's Armour         Chrm/Ice       ###.....     4%          3    N/A
 Spectral Weapon          Hex/Chrm       ###.....     4%          3    N/A
 Summon Guardian Golem    Hex/Summ       ###.....     4%          3    N/A
 Tukima's Dance           Hex            ###.....     4%          3    N/A
 Vampiric Draining        Necr           ###.......   4%          3    N/A
 Poison Arrow             Conj/Pois      #####.....   12%         6    N/A
 Summon Ice Beast         Ice/Summ       ###.....     14%         4    N/A
 Airstrike                Air            ###.......   16%         4    N/A
 Animate Dead             Necr           N/A          16%         4    N/A
 Petrify                  Tmut/Erth      ###.....     16%         4    N/A
 Summon Demon             Summ           ###.......   32%         5    N/A
 Excruciating Wounds      Chrm/Necr      ###.......   38%         5    N/A
 Lee's Rapid Deconstruct  Erth           ###.......   38%         5    N/A
 Spellforged Servitor     Conj/Summ      #####.....   45%         7    N/A
 Shadow Creatures         Summ           N/A          85%         6    N/A
 Darkness                 Hex            ###.......   91%         6    N/A
 Death Channel            Necr           ###.......   91%         6    N/A
 Ozocubu's Refrigeration  Ice            ###.......   91%         6    N/A
 Simulacrum               Ice/Necr       ###.......   91%         6    N/A
 Summon Greater Demon     Summ           ###.......   100%        7    N/A
 Summon Hydra             Summ           ###.......   100%        7    N/A
 Fire Storm               Conj/Fire      #####.....   100%        9    N/A
 Beastly Appendage        Tmut           Unusable     N/A         1    N/A
 Regeneration             Chrm/Necr      Unusable     N/A         3    N/A
 Spider Form              Tmut/Pois      Unusable     N/A         3    N/A
 Ice Form                 Ice/Tmut       Unusable     N/A         4    N/A
 Blade Hands              Tmut           Unusable     N/A         5    N/A

Dungeon Overview and Level Annotations

Branches:
Dungeon (12/15)            Temple (1/1) D:4            Lair (6/6) D:10
  Swamp (0/4) Lair:3        Snake (0/4) Lair:2        Slime (0/5) Lair:6
    Orc (2/2) D:9
    Elf: Orc:2

Altars:
Ashenzari
Cheibriados
Dithmenos
Elyvilon
Fedhas
Gozag
Kikubaaqudgha
Makhleb
Nemelex Xobeh
Okawaru
Ru
Sif Muna
Uskayaw
Vehumet
Wu Jian
Xom
Yredelemnul
Zin
The Shining One
Beogh

Shops:
D:4 !   D:8 !   D:12 [   Orc:1 }%*(   Orc:2 [

Portals:
Hell: Lair:6

Annotations:
D:11 nikopol's ghost, journeyman DEFE
D:12 Azrael
Orc:2 Saint Roka


Innate Abilities, Weirdness & Mutations

You do not eat or drink.
Your flesh is vulnerable to fire.
You are immune to poison.
Your flesh is cold resistant. (rC+)
You are immune to negative energy. (rN+++)
You are immune to unholy pain and torment.
You can survive without breathing.
You are in touch with the powers of death.


Message History

The fire elemental is heavily damaged.
The fire elemental hits you. The fire elemental burns you! You resist.
You block the fire elemental's attack. The fire elemental barely misses you.
Casting: Iskenderun's Mystic Blast (safe; 1% risk of failure)
Confirm with . or Enter, or press ? or * to list all spells.
Aiming: Iskenderun's Mystic Blast (safe; 1% risk of failure)
Press: ? - help, Shift-Dir - straight line, f/p - fire elemental
Aim: a fire elemental (moderately damaged)
The orb of energy misses the fire elemental.
The orb of energy hits the fire elemental.
The fire elemental is lightly damaged.
The fire elemental hits you. The fire elemental burns you! You resist.
The fire elemental hits you. The fire elemental burns you! You resist.
The fire elemental hits you. The fire elemental burns you! You resist.
The fire elemental hits you. The fire elemental burns you! You resist.
Casting: Iskenderun's Mystic Blast (safe; 1% risk of failure)
Confirm with . or Enter, or press ? or * to list all spells.
Aiming: Iskenderun's Mystic Blast (safe; 1% risk of failure)
Press: ? - help, Shift-Dir - straight line, f/p - fire elemental
Aim: a fire elemental (moderately damaged)
The orb of energy hits the fire elemental.
You destroy the fire elemental!
Sif Muna accepts your kill.
The orb of energy explodes!
The mystic blast hits the fire elemental.
You destroy the fire elemental!
Sif Muna accepts your kill.
The mystic blast hits the fire elemental.
The fire elemental is severely damaged.
Azrael the Boundless Flame comes into view.
He is wielding a scimitar of The fire elemental misses you.
Casting: Iskenderun's Mystic Blast (safe; 1% risk of failure)
Confirm with . or Enter, or press ? or * to list all spells.
Aiming: Iskenderun's Mystic Blast (safe; 1% risk of failure)
Press: ? - help, Shift-Dir - straight line, f - fire elemental
Aim: a fire elemental (severely damaged)
The orb of energy hits the fire elemental.
You destroy the fire elemental!
Sif Muna accepts your kill.
The orb of energy explodes!
Azrael gestures at you.
The sphere of damnation explodes!
The damnation engulfs you!
* * * LOW HITPOINT WARNING * * *
Casting: Iskenderun's Mystic Blast (safe; 1% risk of failure)
Confirm with . or Enter, or press ? or * to list all spells.
You blink.
Azrael gestures at you. The bolt of fire hits you! You resist.
* * * LOW HITPOINT WARNING * * *
Really read
i - 4 scrolls of fog {!r}?
As you read the scroll of fog {!r}, it crumbles to dust.
The scroll dissolves into smoke.
Casting: Blink (safe; 1% risk of failure)
Confirm with . or Enter, or press ? or * to list all spells.
You blink.
Sif Muna grants you divine energy.
You briefly lose access to your magic!
You regain access to your magic.
Things that are here:
a dagger; a robe Azrael gestures at you.
The sphere of damnation explodes!
The damnation engulfs you!
You die...

#################
#§§§§§§.R§..§§..#
#§############R.# #§# #..# #§#
#..###############
#.############........R§......§
#...........).@..........§..§§§
#.##########################..#
#.# #..# #.# #..# #.# #..# #.#
#..# #.# #..# #.# #..#
#.######## ########...


You could see Azrael.

Vanquished Creatures
  A tengu reaver (D:11)
  A minotaur (Lab)
  Snorg (Lair:4)
  8 hydras
  A centaur warrior (D:11)
  A catoblepas (Lair:5)
  An ogre mage (Orc:1)
  3 two-headed ogres
  A sun demon (Lair:6)
  A wizard (Lair:6)
  A necromancer (Lair:2)
  6 oklob plants
  A manticore (D:11)
  An orc sorcerer (Orc:2)
  Maurice (D:11)
  2 black mambas
  Psyche (D:10)
  11 elephants
  5 spiny frogs
  An orange demon (Lair:6)
  3 kobold demonologists
  6 komodo dragons
  4 rime drakes
  4 ice devils (Lair:6)
  A hellwing (Lair:6)
  2 trolls
  A red devil (Lair:6)
  A queen bee (Lair:1)
  Grinder (D:3)
  4 hippogriffs
  4 dream sheep (Lair:6)
  A blink frog (Lair:5)
  A wyvern (D:11)
  A spriggan (D:7)
  22 yaks
  3 vampire mosquitoes (D:12)
  4 basilisks
  4 fire elementals (D:12)
  5 hungry ghosts
  2 nagas (Lair:2)
  2 wargs
  5 hell hounds
  9 water moccasins
  5 ice beasts
  5 porcupines
  2 sky beasts
  17 orc warriors
  A black bear (Lair:2)
  A phantom (D:8)
  14 ogres
  A necrophage (D:11)
  A wolf (Lair:6)
  4 centaurs
  14 crocodiles
  14 big kobolds (D:11)
  11 bullfrogs
  A gnoll sergeant (D:8)
  2 wyvern zombies
  15 jellies
  A wyvern skeleton (D:8)
  31 killer bees
  6 electric eels
  2 bullfrog zombies
  2 centaur zombies
  2 crimson imps
  7 hounds
  Crazy Yiuf (D:7)
  2 bullfrog skeletons
  9 orc priests
  16 orc wizards
  Ijyb (D:1)
  2 worker ants
  4 polar bear simulacra (Lair:2)
  3 yak simulacra (Lair:2)
  2 wolf simulacra (Lair:2)
  A hound skeleton (D:4)
  A worker ant zombie (D:11)
  Robin (D:7)
  A howler monkey skeleton (D:7)
  7 gnolls
  13 adders
  A shadow imp (D:9)
  An ooze (Lair:6)
  3 adder skeletons
  4 worms
  2 dart slugs
  4 leopard geckos
  82 orcs
  9 giant cockroaches
  28 goblins
  19 hobgoblins
  22 kobolds
  3 quokkas
  3 ball pythons
  6 bats
  9 frilled lizards
  A leopard gecko skeleton (D:7)
  A leopard gecko zombie (D:4)
  8 rats
  2 river rat simulacra (Lair:2)
  2 fungi (Lair:6)
572 creatures vanquished.

Vanquished Creatures (collateral kills)
  2 killer bees (Lair:1)
  An adder (D:2)
  A frilled lizard (D:2)
4 creatures vanquished.

Vanquished Creatures (others)
  18 fungi
  14 plants
32 creatures vanquished.

Grand Total: 608 creatures vanquished

Notes
Turn   | Place    | Note
-------+----------+-------------------------------------------
     0 | D:1      | Amnesiac the Mummy Wizard began the quest for the Orb.
     0 | D:1      | Reached XP level 1. HP: 13/13 MP: 5/5
     6 | D:1      | Noticed a polar bear
     6 | D:1      | Noticed a water moccasin
     6 | D:1      | Noticed a crocodile
     6 | D:1      | Noticed a swamp worm
    52 | D:1      | Reached skill level 1 in Conjurations
   313 | D:1      | Reached XP level 2. HP: 19/19 MP: 4/7
   317 | D:1      | Learned a level 2 spell: Blink
   320 | D:1      | Learned a level 2 spell: Call Imp
   927 | D:2      | Reached XP level 3. HP: 24/24 MP: 3/8
   932 | D:2      | Learned a level 3 spell: Mephitic Cloud
  1261 | D:2      | Found a glowing golden altar of the Shining One.
  2074 | D:3      | Reached XP level 4. HP: 19/30 MP: 0/10
  2075 | D:3      | Noticed Grinder
  2251 | D:3      | Found a sacrificial altar of Ru.
  2260 | D:3      | Became a worshipper of Ru the Awakened
  2361 | D:3      | Noticed Ijyb
  2497 | D:1      | Killed Ijyb
  2676 | D:3      | Found a glowing drain.
  2700 | Sewer    | Entered a sewer
  2865 | Sewer    | Reached XP level 5. HP: 28/35 MP: 3/11
  3036 | Sewer    | Learned a level 3 spell: Conjure Flame
  3280 | Sewer    | Got a jewelled shortbow
  3281 | Sewer    | Identified the +5 shortbow "Cixta" {flame, rElec rPois
                  | Str+5 Int-5} (You found it in a sewer)
  4060 | D:4      | Reached XP level 6. HP: 41/41 MP: 12/12
  4067 | D:4      | Noticed Robin
  4205 | D:4      | Found Ythenad's Distillery.
  4235 | D:4      | Found a staircase to the Ecumenical Temple.
  4276 | Temple   | Entered the Ecumenical Temple
  4355 | Temple   | Fell from the grace of Ru
  4355 | Temple   | Became a worshipper of Sif Muna the Loreminder
  4467 | D:4      | Reached skill level 5 in Conjurations
  4565 | D:4      | Reached skill level 5 in Spellcasting
  4687 | D:4      | Found a staircase to the Ecumenical Temple.
  4800 | D:4      | Found Ythenad's Distillery.
  5078 | D:3      | Paralysed by Grinder for 6 turns
  5097 | D:3      | Killed Grinder
  5097 | D:3      | Reached XP level 7. HP: 24/46 MP: 10/15
  5098 | D:3      | Found a sacrificial altar of Ru.
  5503 | D:5      | Entered Level 5 of the Dungeon
  5740 | D:5      | Got a smelly ring mail
  5913 | D:5      | Reached * piety under Sif Muna
  6025 | D:5      | Identified the cursed +1 ring mail of the Heron {rN+++
                  | Int-2} (You found it on level 5 of the Dungeon)
  7098 | D:6      | Reached XP level 8. HP: 52/52 MP: 18/18
  7461 | D:6      | Found a glowing silver altar of Zin.
  7461 | D:6      | Found a faded altar of an unknown god.
  7466 | D:6      | Found a basalt altar of Yredelemnul.
  7468 | D:6      | Found a radiant altar of Vehumet.
  7469 | D:6      | Found a faded altar of an unknown god.
  7965 | D:7      | Reached skill level 1 in Invocations
  7972 | D:7      | Found a shattered altar of Ashenzari.
  7999 | D:7      | Killed Robin
  8117 | D:7      | Reached ** piety under Sif Muna
  8332 | D:7      | Identified Ziodoa Domya's Hermeneutics for Novices
  8614 | D:7      | Found a runed door.
  8718 | D:7      | Noticed Crazy Yiuf
  8721 | D:7      | Killed Crazy Yiuf
  8861 | D:8      | Learned a level 2 spell: Swiftness
  9031 | D:8      | Reached XP level 9. HP: 46/57 MP: 17/21
  9145 | D:8      | Reached *** piety under Sif Muna
  9289 | D:8      | Found Esoshompamut's Distillery.
 10256 | D:9      | Reached **** piety under Sif Muna
 10275 | D:9      | Found a staircase to the Orcish Mines.
 11135 | D:10     | Entered Level 10 of the Dungeon
 11351 | D:10     | Reached XP level 10. HP: 45/63 MP: 17/23
 11510 | D:10     | Noticed Psyche
 11524 | D:10     | Killed Psyche
 11524 | D:10     | Reached skill level 10 in Spellcasting
 11524 | D:10     | Reached skill level 10 in Conjurations
 11861 | D:10     | Reached ***** piety under Sif Muna
 11886 | D:10     | Received a gift from Sif Muna
 11901 | D:10     | Learned a level 4 spell: Throw Icicle
 12116 | D:10     | Found a staircase to the Lair.
 12718 | Orc:1    | Entered Level 1 of the Orcish Mines
 12718 | Orc:1    | Noticed an ogre mage
 12718 | Orc:1    | Noticed a two-headed ogre
 12718 | Orc:1    | Noticed a two-headed ogre
 12729 | D:9      | Killed a two-headed ogre
 13028 | D:9      | Killed a two-headed ogre
 13281 | Lair:1   | Entered Level 1 of the Lair of Beasts
 13312 | Lair:1   | Found a labyrinth entrance.
 13363 | Lair:1   | Noticed a spiny frog
 13380 | Lab      | Entered a labyrinth
 13482 | Lab      | Noticed a minotaur
 13756 | Lab      | Killed a minotaur
 13756 | Lab      | Reached XP level 11. HP: 68/68 MP: 0/26
 13775 | Lab      | Identified the Reference Book on Bewitchment and Stones
 14081 | Lair:1   | Reached skill level 5 in Invocations
 15475 | Lair:1   | Noticed an oklob plant
 15481 | Lair:1   | Killed an oklob plant
 15595 | Lair:1   | Noticed an oklob plant
 15605 | Lair:1   | Killed an oklob plant
 15813 | Lair:1   | You fall through a shaft!
 16045 | Lair:2   | Noticed a five-headed hydra
 16052 | Lair:2   | Killed a five-headed hydra
 16396 | Lair:2   | Noticed a necromancer
 16407 | Lair:2   | Killed a necromancer
 16592 | Lair:2   | Identified Sif Muna's Tome of Twisted Companions (Sif Muna
                  | gifted it to you on level 2 of the Lair of Beasts)
 16592 | Lair:2   | Received a gift from Sif Muna
 16723 | Lair:2   | Found a staircase to the Snake Pit.
 17030 | Lair:2   | Noticed a seven-headed hydra
 17035 | Lair:2   | Killed a seven-headed hydra
 17035 | Lair:2   | Reached XP level 12. HP: 74/74 MP: 10/28
 17885 | Lair:3   | Found a staircase to the Swamp.
 17991 | Lair:3   | Noticed a four-headed hydra
 18086 | Lair:3   | Reached skill level 1 in Fighting
 18453 | Lair:3   | Killed a four-headed hydra
 19026 | Lair:3   | Got a heavily runed brass amulet
 19045 | Lair:3   | Identified the amulet of Arizepp {+Blink +Rage rF- rC-
                  | Int+9} (You found it on level 3 of the Lair of Beasts)
 19116 | Lair:4   | Learned a level 4 spell: Iskenderun's Mystic Blast
 19225 | Lair:4   | Noticed a four-headed hydra
 19230 | Lair:4   | Killed a four-headed hydra
 19591 | Lair:4   | Noticed Snorg
 19666 | Lair:4   | Killed Snorg
 19881 | Lair:4   | Got a pitted leather armour
 19892 | Lair:4   | Identified the +3 leather armour of Pathos {rCorr Str-5
                  | Int+2 SInv} (You found it on level 4 of the Lair of Beasts)
 20145 | Lair:5   | Identified Sif Muna's Tome of Doomed Attacks (Sif Muna
                  | gifted it to you on level 5 of the Lair of Beasts)
 20145 | Lair:5   | Received a gift from Sif Muna
 21550 | Lair:6   | Entered Level 6 of the Lair of Beasts
 21553 | Lair:6   | Noticed a seven-headed hydra
 21557 | Lair:6   | Noticed a four-headed hydra
 21903 | Lair:6   | Noticed a catoblepas
 22106 | Lair:6   | Killed a four-headed hydra
 22106 | Lair:6   | Gained mutation: You are in touch with the powers of death.
                  | [Mummy growth]
 22106 | Lair:6   | Reached XP level 13. HP: 59/86 MP: 5/30
 22289 | Lair:6   | Found a staircase to the Slime Pits.
 23166 | Lair:5   | Reached skill level 1 in Shields
 24473 | Lair:5   | Learned a level 3 spell: Static Discharge
 24479 | Lair:5   | Learned a level 4 spell: Force Lance
 25372 | Lair:6   | Identified Sif Muna's Almanac of Ghastly Summoning (Sif
                  | Muna gifted it to you on level 6 of the Lair of Beasts)
 25372 | Lair:6   | Received a gift from Sif Muna
 25597 | Lair:6   | Found a burning altar of Makhleb.
 25703 | Lair:6   | Found a gateway to Hell.
 25710 | Lair:6   | Identified the Volume of Boosts and the Frostbite
 25984 | Orc:1    | Found Vueronk's Weapon Emporium.
 26387 | Orc:1    | Found Ugrouj's General Store.
 26480 | Orc:1    | Found Fujottan's Food Boutique.
 26534 | Orc:2    | Entered Level 2 of the Orcish Mines
 27313 | Orc:1    | Found Nepoe's Gadget Shop.
 27313 | Orc:1    | Found a roughly hewn altar of Beogh.
 27773 | Orc:2    | Found Seusyk's Armour Emporium.
 27864 | Orc:2    | Noticed Saint Roka
 28367 | D:11     | Noticed Maurice
 28377 | D:11     | Killed Maurice
 29170 | D:11     | Found a shimmering altar of Xom.
 29188 | D:11     | Identified Sif Muna's Catalogue of Enchantment and
                  | Conjuration (Sif Muna gifted it to you on level 11 of the
                  | Dungeon)
 29188 | D:11     | Received a gift from Sif Muna
 29196 | D:11     | Learned a level 5 spell: Bolt of Draining
 29219 | D:11     | Reached XP level 14. HP: 93/93 MP: 0/32
 29639 | D:11     | Found a runed gate.
 29640 | D:11     | Found an opulent altar of Gozag.
 29640 | D:11     | Noticed nikopol's ghost (journeyman DEFE)
 29641 | D:11     | Found a runed gate.
 29641 | D:11     | Found a runed gate.
 29641 | D:11     | Noticed a tengu reaver
 29971 | D:11     | Killed a tengu reaver
 30501 | D:12     | Learned a level 2 spell: Passwall
 30518 | D:12     | Found Ameu's Antique Armour Emporium.
 30527 | D:12     | Bought a pair of glowing boots for 255 gold pieces
 30539 | D:12     | Bought a pair of glowing boots for 255 gold pieces
 30586 | D:12     | Found a flagged portal.
 30886 | D:12     | Noticed Azrael
 30918 | D:12     | Killed from afar by Azrael

Vault maps used:
D:1:      onia_arrival_zoo_common
D:2:      first_ration, tso_metal_star
D:3:      nicolae_ru_sacrificial_ziggurat, cheibrodos_sewer_entry_drain,
          amethyst_killhole, serial_bayou_lagoon_a, uniq_ijyb, uniq_grinder
D:4:      temple_statues, serial_shops, kennysheep_little_box, uniq_robin
D:5:      corexii_shantytown
D:6:      chequers_temple_overflow_minitemple
D:7:      nicolae_overflow_hidden_temple, evilmike_ruin_ashenzari, the_bakery,
          uniq_crazy_yiuf_cottage
D:8:      serial_shops, nicolae_shop_temple_entry_statues_fountains
D:9:      david_orc_3
D:10:     lair_entry_dummy, uniq_psyche
D:11:     special_room, ebering_ghost_gozag, basic_altar, uniq_maurice
D:12:     cross_vault, serial_shops, nicolae_shop_overgrown_old_shop,
          enter_bailey_2, uniq_azrael
Temple:   nicolae_temple_hex_pool
Lair:1:   minmay_lair_oklob_tunnel, special_room, lab_entry_generic,
          infiniplex_staircase_pool, serial_bayou_shore_a
Lair:2:   guppyfry_snake_entry_garden, eino_house_with_fridge,
          grunt_megastairs_2
Lair:3:   swamp_mist, minmay_stone_trees_small, minmay_lair_oklob_chamber,
          infiniplex_staircase_pool_2, lemuel_fruit_tree
Lair:4:   uniq_snorg
Lair:6:   evil_forest, minmay_slime_entry_jelly_boxes
Orc:1:    serial_shops, nicolae_shop_waterfront, shop_fountains, shop_fountains,
          shop, nicolae_shop_temple_entry_statues_fountains, basic_altar,
          uniq_josephine
Orc:2:    pubby_orc_utopia, uniq_saint_roka
Lab:      labyrinth_green, nicolae_lab_hexagon, nicolae_lab_blocks, lab_statue,
          nicolae_lab_dead_end, nicolae_lab_plus, labyrinth_skeletal_remains
Sewer:    sewer_frog_island_01

Skill      XL: |  1  2  3  4  5  6  7  8  9 10 11 12 13 |
---------------+----------------------------------------+-----
Conjurations   | 1 2 3 4 5 6 8 9 11 12 13 14 | 14.8
Spellcasting   | 5 6 8 9 11 12 13 14 | 14.8
Invocations    | 2 3 4 8 |  8.5
Fighting       | 3 |  3.6
Dodging        | 3 |  3.9
Shields        | 3 |  3.8
Stealth        | |  1.7
Summonings     | |  0.7
Translocations | |  0.7

Action                   |  1- 3 |  4- 6 |  7- 9 | 10-12 | 13-15 || total
-------------------------+-------+-------+-------+-------+-------++-------
Melee: Unarmed           |     1 |     2 |       |       |       ||     3
       Hunting sling     |       |     1 |       |       |       ||     1
       Shortbow          |       |       |     2 |       |       ||     2
       Staff             |       |       |       |     9 |    10 ||    19
 Fire: Hunting sling     |       |    32 |       |       |       ||    32
       Shortbow          |       |    73 |   443 |   107 |       ||   623
 Cast: Magic Dart        |   109 |    70 |    31 |       |       ||   210
       Call Imp          |     2 |     1 |       |       |       ||     3
       Mephitic Cloud    |       |     3 |    23 |    15 |     9 ||    50
       Conjure Flame     |       |     1 |     6 |     9 |     1 ||    17
       Blink             |       |       |     1 |     7 |     7 ||    15
       Throw Icicle      |       |       |       |   256 |       ||   256
       Iskenderun's Myst |       |       |       |   109 |   365 ||   474
       Force Lance       |       |       |       |       |    11 ||    11
       Bolt of Draining  |       |       |       |       |    38 ||    38
Invok: Divine Energy     |       |       |     1 |       |       ||     1
       Channel Magic     |       |       |       |     4 |     5 ||     9
       Forget Spell      |       |       |       |       |     1 ||     1
Evoke: Wand              |       |     1 |       |     8 |     9 ||    18
       Lamp of fire      |       |       |       |       |     1 ||     1
  Use: Scroll            |       |       |    12 |     8 |     3 ||    23
Armor: Robe              |     6 |    18 |     7 |    37 |    68 ||   136
       Ring mail         |       |       |    63 |       |       ||    63
Dodge: Dodged            |    22 |    59 |   112 |   101 |   148 ||   442
Block: Other             |       |       |     1 |       |       ||     1
       Buckler           |       |       |       |       |     4 ||     4

Table legend:
 A = Non-vault XP
 B = Vault XP
 C = Vault XP percentage of total XP
 D = Non-vault monster count
 E = Vault monster count
 F = Vault count percentage of total count
                 A         B        C        D         E       F
            +---------+---------+-------+---------+---------+-------
      Total |   41314 |   30221 |  42.2 |     335 |     239 |  41.6
            +---------+---------+-------+---------+---------+-------
        D:1 |      37 |      35 |  48.6 |      15 |       1 |   6.2
        D:2 |      49 |       0 |   0.0 |      25 |       0 |   0.0
        D:3 |     100 |     290 |  74.4 |      24 |       4 |  14.3
        D:4 |     134 |      24 |  15.2 |      13 |      12 |  48.0
        D:5 |     396 |      74 |  15.7 |       8 |      32 |  80.0
        D:6 |     396 |       0 |   0.0 |      10 |       0 |   0.0
        D:7 |     434 |     273 |  38.6 |      13 |       3 |  18.8
        D:8 |    1851 |       0 |   0.0 |      32 |       0 |   0.0
        D:9 |    2954 |     251 |   7.8 |      23 |       7 |  23.3
       D:10 |    2380 |     454 |  16.0 |      26 |       1 |   3.7
       D:11 |    4531 |    4827 |  51.6 |      35 |      25 |  41.7
       D:12 |    1813 |     925 |  33.8 |       6 |       5 |  45.5
     Lair:1 |    4028 |    2211 |  35.4 |      21 |      17 |  44.7
     Lair:2 |    3602 |    1337 |  27.1 |      12 |      15 |  55.6
     Lair:3 |    1712 |    3936 |  69.7 |       9 |       8 |  47.1
     Lair:4 |    2232 |    1129 |  33.6 |       5 |       1 |  16.7
     Lair:5 |    5984 |    1385 |  18.8 |      20 |       5 |  20.0
     Lair:6 |    6841 |    8423 |  55.2 |      20 |      34 |  63.0
      Orc:1 |    1692 |     173 |   9.3 |      16 |       1 |   5.9
      Orc:2 |     148 |    3078 |  95.4 |       2 |      52 |  96.3
        Lab |       0 |    1246 | 100.0 |       0 |       1 | 100.0
      Sewer |       0 |     150 | 100.0 |       0 |      15 | 100.0
            +---------+---------+-------+---------+---------+-------
